 Dungeon Crawl Stone Soup version 0.26.1-11-gd32895ea62 (webtiles) character file.

Game seed: 5163505255355485413

2233 Zeld the Thrower (level 9, 0/88 HPs)
             Began as a Troll Hunter on June 7, 2021.
             Was a Follower of Yredelemnul.
             Slain by a wyvern (16 damage)
             ... on level 8 of the Dungeon.
             The game lasted 00:12:16 (10154 turns).

Zeld the Thrower (Troll Hunter)                    Turns: 10154, Time: 00:12:17

Health: 0/88       AC:  8    Str: 31    XL:     9   Next: 14%
Magic:  8/8        EV:  8    Int:  7    God:    Yredelemnul [*.....]
Gold:   300        SH:  8    Dex: 10    Spells: 8/8 levels left

rFire    + . .     SeeInvis .   a - +7 flail "Oluolelu" {flame, rF+ Str+6}
rCold    . . .     Faith    .   F - +0 kite shield
rNeg     . . .     Spirit   .   G - +2 robe
rPois    .         Reflect  .   (helmet restricted)
rElec    .         Harm     .   (no cloak)
rCorr    .         Rampage  .   (gloves unavailable)
Will     .....                  (boots unavailable)
Stlth    +.........             (no amulet)
HPRegen  0.64/turn              (no ring)
MPRegen  0.11/turn              (no ring)

@: no status effects
A: large, unfitting armour, claws 3, regeneration 1, shaggy fur 1, tough skin 3
a: Renounce Religion, Animate Remains


You were on level 8 of the Dungeon.
You worshipped Yredelemnul.
Yredelemnul was aware of your devotion.
You visited 2 branches of the dungeon, and saw 9 of its levels.

You collected 300 gold pieces.

Inventory:

Hand Weapons
 a - the +7 flail "Oluolelu" (weapon) {flame, rF+ Str+6}
   (You found it on level 4 of the Dungeon)

   It has been specially enchanted to burn those struck by it, causing extra
   injury to most foes and up to half again as much damage against particularly
   susceptible opponents.
   It affects your strength (+6).
   It protects you from fire.
Missiles
 c - 5 large rocks (quivered)
 d - 2 throwing nets
 o - 4 boomerangs
Armour
 F - a +0 kite shield (worn)
 G - a +2 robe (worn)
Jewellery
 h - an uncursed ring of protection from cold
 x - an uncursed ring of resist corrosion
Wands
 s - a wand of flame (31)
 u - a wand of enslavement (10)
 w - a wand of iceblast (5)
Scrolls
 f - 2 scrolls of magic mapping {unknown}
 g - 4 scrolls of teleportation {unknown}
 i - 3 scrolls of identify {unknown}
 k - 2 scrolls of fear {unknown}
 l - 2 scrolls of remove curse
 q - 2 scrolls of fog {unknown}
 r - 3 scrolls of blinking {unknown}
 y - 2 scrolls of enchant armour {unknown}
 z - 2 scrolls of enchant weapon {unknown}
 C - a scroll of immolation {unknown}
 E - a scroll of vulnerability {unknown}
Potions
 e - 4 potions of magic {unknown}
 j - a potion of might {unknown}
 m - 2 potions of ambrosia {unknown}
 n - 2 potions of haste {unknown}
 p - 3 potions of attraction {unknown}
 t - 2 potions of heal wounds {unknown}
 v - a potion of lignification {unknown}
 A - 4 potions of curing {unknown}
 B - 2 potions of cancellation {unknown}
 D - a potion of flight {unknown}


   Skills:
 + Level 5.2 Fighting
 * Level 8.7 Throwing
 + Level 5.2 Dodging
 - Level 0.3 Stealth


You had 8 spell levels left.
You didn't know any spells.
Your spell library was empty.

Dungeon Overview and Level Annotations

Branches:
Dungeon (8/15)             Temple (1/1) D:5
   Lair: D:8-11

Altars:
Ashenzari
Cheibriados
Elyvilon
Makhleb
Nemelex Xobeh
Okawaru
Qazlal
Ru
Sif Muna
Trog
Uskayaw
Vehumet
Wu Jian
Xom
Yredelemnul
The Shining One

Shops:
D:7 :


Innate Abilities, Weirdness & Mutations

You are too large for most types of armour.
You have claws for hands.
Your natural rate of healing is unusually fast.
You are covered in fur. (AC +1)
You have extremely tough skin. (AC +3)


Message History

The wyvern barely misses you. You block the wyvern's attack.
You closely miss the wyvern.
The wyvern is lightly wounded.
The wyvern barely misses you.
The wyvern bites you but does no damage.
The wyvern bites you!
* * * LOW HITPOINT WARNING * * *
You sock the wyvern! You burn the wyvern.
The wyvern is severely wounded.
You block the wyvern's attack. x2
Your shield prevents you from hitting the wyvern.
The wyvern is severely wounded.
The wyvern bites you but does no damage.
The wyvern bites you.
* * * LOW HITPOINT WARNING * * *
You hit the wyvern. You burn the wyvern.
The wyvern is severely wounded.
The wyvern bites you!
You die...
Your body rises from the dead as a mindless zombie.

.... ####.. . ......
...[.###..... #.....
............
.$....###...........
.......#..........
...........# ....
...........# ..#
.........<.##..#
...........l@..#
...........###.#
...........# ..
..........## ..(
..........# ...
........... ..
............ .
..?..........


You could see a wyvern.

Vanquished Creatures
  Sigmund (D:2)
  Duvessa (D:4)
  An orc warrior (D:5)
  2 ice beasts
  A black bear (D:6)
  A phantom (D:6)
  3 centaurs
  2 bullfrogs
  Dowan (D:4)
  3 howler monkeys (D:7)
  3 wights
  A bullfrog zombie (D:6)
  2 hounds
  6 orc wizards
  2 orc priests (D:5)
  Jessica (D:3)
  Natasha (thrice) (D:3)
  An iguana (D:4)
  6 worker ants
  A hound zombie (D:5)
  4 gnolls
  7 adders
  A shadow imp (D:7)
  An ufetubus (D:6)
  2 oozes
  An adder skeleton (D:4)
  3 worms
  7 leopard geckos
  22 orcs
  2 giant cockroaches
  12 goblins
  7 hobgoblins
  13 jackals
  6 kobolds
  2 quokkas
  2 ball pythons
  10 bats
  3 frilled lizards
  A quokka skeleton (D:6)
  8 rats
156 creatures vanquished.

Notes
Turn   | Place    | Note
-------+----------+-------------------------------------------
     0 | D:1      | Zeld the Troll Hunter began the quest for the Orb.
     0 | D:1      | Reached XP level 1. HP: 19/19 MP: 0/0
   117 | D:1      | Reached XP level 2. HP: 27/28 MP: 1/1
   212 | D:1      | Reached skill level 4 in Throwing
   365 | D:1      | Reached XP level 3. HP: 34/35 MP: 2/2
  1014 | D:1      | Reached XP level 4. HP: 25/42 MP: 3/3
  1461 | D:2      | Noticed Sigmund
  2017 | D:2      | Killed Sigmund
  2018 | D:2      | Reached skill level 5 in Throwing
  2018 | D:2      | Reached XP level 5. HP: 40/52 MP: 4/4
  2097 | D:2      | Reached XP level 6. HP: 44/59 MP: 5/5
  2682 | D:3      | Noticed Natasha
  2691 | D:3      | Killed Natasha
  2778 | D:3      | Noticed Natasha
  2801 | D:3      | Killed Natasha
  3146 | D:3      | Noticed Jessica
  3168 | D:3      | Killed Jessica
  3585 | D:3      | Noticed Natasha
  4347 | D:3      | Killed Natasha
  4653 | D:4      | Noticed Duvessa
  4753 | D:4      | Got a crude flail
  4754 | D:4      | Identified the +7 flail "Oluolelu" {flame, rF+ Str+6} (You
                  | found it on level 4 of the Dungeon)
  4886 | D:4      | Noticed Dowan
  5374 | D:4      | Killed Duvessa
  5375 | D:4      | Reached skill level 6 in Throwing
  5375 | D:4      | Reached XP level 7. HP: 60/67 MP: 6/6
  5392 | D:4      | Killed Dowan
  5937 | D:5      | Entered Level 5 of the Dungeon
  6025 | D:5      | Found a staircase to the Ecumenical Temple.
  6050 | Temple   | Entered the Ecumenical Temple
  6067 | Temple   | Became a worshipper of Yredelemnul the Dark
  6586 | D:5      | Reached skill level 7 in Throwing
  6665 | D:5      | Reached XP level 8. HP: 73/78 MP: 7/7
  6874 | D:5      | Reached * piety under Yredelemnul
  7290 | D:5      | HP: 1/63 [orc wizard/+0 dagger (4)]
  7922 | D:6      | Reached skill level 8 in Throwing
  8276 | D:6      | Reached skill level 5 in Fighting
  8276 | D:6      | Reached skill level 5 in Dodging
  8445 | D:6      | Reached XP level 9. HP: 79/88 MP: 8/8
  9225 | D:7      | Found Eklaascha's Book Emporium.
 10154 | D:8      | Slain by a wyvern

Illustrated notes

Levels and vault maps discovered:
D:1:      dpeg_arrival_round_b, layout_basic
D:2:      layout_basic, minmay_heptomino_o4, uniq_sigmund
D:3:      minmay_door_path, layout_basic, lightli_corner_chamber, uniq_jessica,
          uniq_natasha
D:4:      layout_loops_ring, eino_tiny_chamber, uniq_duvessa
D:5:      layout_gridville, temple_green
D:6:      layout_basic
D:7:      layout_basic, serial_shops, shop
D:8:      layout_cave_pools, minmay_mini_ossuary
Temple:   compressed_dpeg_circular_temple

Skill      XL: |  1  2  3  4  5  6  7  8 |
---------------+-------------------------+-----
Throwing       | 4 5 6 7 8 |  8.7
Fighting       | 2 3 4 5 |  5.2
Dodging        | 2 3 4 5 |  5.2
Stealth        | |  0.3

Action                   |  1- 3 |  4- 6 |  7- 9 || total
-------------------------+-------+-------+-------++-------
Melee: Unarmed           |   104 |   257 |       ||   361
       Flail             |       |     5 |   202 ||   207
Evoke: Wand              |       |     2 |     1 ||     3
  Use: Scroll            |       |     1 |       ||     1
 Stab: Sleeping          |       |     1 |     1 ||     2
Armor: Robe              |    66 |   101 |    89 ||   256
Dodge: Dodged            |    94 |   163 |   165 ||   422
Block: Kite shield       |       |       |    12 ||    12
